Warning! The script has encountered some errors when parsing the replay. Please report them to the . » details
0x00, prev: 0x16: 16 02 01 00 9D 60 00 00 BF 71 02 00 [00] 00 00 00 00 00 00 00 00 00 00 00 00 00 00 00 00 00 00 00 00 00 00 00 00 00 03 1F 00 12 44 00 29 00 0D 00 17 74 00 00 39 CC 01 00 E9 73 C5 C4 EE DA A7 C5 FF FF FF FF FF FF FF FF
0x00, prev: 0x00: 16 02 01 00 9D 60 00 00 BF 71 02 00 00 00 00 00 00 00 00 00 00 00 00 00 00 00 00 00 00 00 00 00 00 00 00 00 [00] 00 03 1F 00 12 44 00 29 00 0D 00 17 74 00 00 39 CC 01 00 E9 73 C5 C4 EE DA A7 C5 FF FF FF FF FF FF FF FF
0x00, prev: 0x02: 16 02 01 00 19 73 00 00 19 CC 00 00 00 00 00 00 00 00 00 00 00 00 00 00 00 00 00 00 00 00 00 00 00 00 00 00 02 [00]
0x00, prev: 0x04: 16 02 01 00 DA 7D 00 00 57 B4 04 00 00 00 00 00 00 00 00 00 00 00 00 00 00 00 00 00 00 00 00 00 00 00 00 00 04 [00] 06 11 00 18 01 03 1A 19 6F 72 66 75 77 26 00 00 10 49 06 00
0x0A, prev: 0x00: 16 02 01 00 B1 82 00 00 FA 21 0A 00 00 00 00 00 00 00 00 00 00 00 00 00 00 00 00 00 00 00 00 00 00 00 00 00 [0A] 00
General information
- name: BNet
- type: Ladder team game (AT/RT)
- host: Battle.net
- saver: Gobiner
map: RiverOfSouls
- players: 6
- length: 57:37
- speed: Fast
- version: 1.23 W3XP
- replay type: Public
» download(413 KB)
Players
team 1 (winner)
Gobiner (
yellow | 44 APM | 2540 actions | 57:37)
6 Blademaster
3 Wind Walk
2 Critical Strike
1 Bladestorm
» actions
| Assign group hotkey | 23 | |
| Basic commands | 18 | |
| Build / train | 76 | |
| ESC pressed | 6 | |
| Enter build submenu | 52 | |
| Enter hero's abilities submenu | 6 | |
| Give item / drop item | 3 | |
| Right click | 1254 | |
| Select / deselect | 304 | |
| Select group hotkey | 537 | |
| Use ability | 261 | |
2540 total
» units
» upgrades
| Liquid Fire | 1 | |
| Reinforced Defenses | 1 | |
| Ranged Weapons | 3 | |
| Spiked Barricades | 1 | |
6 total
» buildings
| Altar of Storms | 1 | |
| Orc Burrow | 4 | |
| War Mill | 1 | |
| Watch Tower | 42 | |
| Voodoo Lounge | 4 | |
| Stronghold | 3 | |
| Fortress | 1 | |
| Beastiary | 2 | |
58 total
» build order
00:07 Altar of Storms
00:19 Orc Burrow
00:30 War Mill
01:42 Watch Tower
01:53 Orc Burrow
02:13 Watch Tower
02:38 Voodoo Lounge
02:50 Watch Tower
03:16 Watch Tower
03:57 Watch Tower
04:09 Watch Tower
04:46 Stronghold
04:46 Stronghold
04:47 Stronghold
05:15 Watch Tower
05:22 Watch Tower
05:57 Watch Tower
06:51 Watch Tower
07:08 Fortress
07:17 Beastiary
07:23 Watch Tower
07:30 Beastiary
07:37 Orc Burrow
07:39 Orc Burrow
08:41 Watch Tower
08:42 Watch Tower
08:44 Watch Tower
08:54 Watch Tower
09:07 Watch Tower
09:56 Watch Tower
10:22 Watch Tower
10:25 Watch Tower
10:32 Watch Tower
10:50 Watch Tower
11:25 Watch Tower
11:27 Watch Tower
11:37 Watch Tower
12:03 Watch Tower
15:04 Watch Tower
15:04 Watch Tower
15:11 Watch Tower
16:31 Watch Tower
17:03 Voodoo Lounge
17:50 Voodoo Lounge
17:58 Watch Tower
18:00 Watch Tower
19:12 Voodoo Lounge
20:27 Watch Tower
20:28 Watch Tower
20:28 Watch Tower
20:29 Watch Tower
21:57 Watch Tower
23:24 Watch Tower
23:25 Watch Tower
23:26 Watch Tower
25:22 Watch Tower
25:23 Watch Tower
25:24 Watch Tower
» items
| Staff of Teleportation | 3 | |
| Boots of Speed | 5 | |
| Lesser Clarity Potion | 3 | |
| Healing Salve | 2 | |
| Orb of Lightning | 1 | |
14 total
kunt.roII (
orange | 119 APM | 6859 actions | 57:37)
4 Goblin Alchemist
2 Chemical Rage
2 Acid Bomb
5 Pandaren Brewmaster
3 Breath of Fire
2 Drunken Haze
» actions
| Assign group hotkey | 64 | |
| Basic commands | 36 | |
| Build / train | 116 | |
| ESC pressed | 2 | |
| Enter build submenu | 58 | |
| Enter hero's abilities submenu | 9 | |
| Give item / drop item | 21 | |
| Remove unit from queue | 1 | |
| Right click | 3221 | |
| Select / deselect | 361 | |
| Select group hotkey | 2526 | |
| Use ability | 444 | |
6859 total
» units
| Peasant | 17 | |
| Priest | 2 | |
| Sorceress | 1 | |
| Dragonhawk Rider | 10 | |
30 total
» upgrades
| Sorceress Training | 1 | |
| Masonry | 3 | |
| Magic Sentry | 1 | |
| Lumber Harvesting | 1 | |
| Armor | 3 | |
| Cloud | 1 | |
| Animal War Training | 1 | |
| Swords | 1 | |
| Priest Training | 2 | |
14 total
» buildings
| Altar of Kings | 1 | |
| Farm | 7 | |
| Scout Tower | 40 | |
| Lumber Mill | 1 | |
| Arcane Tower | 3 | |
| Guard Tower | 23 | |
| Keep | 2 | |
| Castle | 1 | |
| Arcane Sanctum | 1 | |
| Arcane Vault | 1 | |
| Gryphon Aviary | 1 | |
| Barracks | 2 | |
| Blacksmith | 1 | |
84 total
» build order
00:12 Altar of Kings
00:22 Farm
00:59 Farm
01:11 Scout Tower
01:23 Lumber Mill
01:36 Farm
01:39 Arcane Tower
02:00 Scout Tower
02:08 Scout Tower
02:16 Scout Tower
02:41 Guard Tower
02:41 Guard Tower
02:42 Guard Tower
02:42 Guard Tower
03:03 Guard Tower
03:03 Guard Tower
03:05 Scout Tower
03:35 Guard Tower
04:01 Keep
04:05 Scout Tower
04:39 Guard Tower
05:44 Scout Tower
05:44 Scout Tower
05:46 Scout Tower
05:47 Scout Tower
05:47 Scout Tower
06:45 Scout Tower
06:45 Scout Tower
06:46 Scout Tower
06:47 Guard Tower
06:48 Castle
07:24 Guard Tower
07:24 Guard Tower
08:46 Arcane Sanctum
09:17 Scout Tower
09:17 Scout Tower
09:18 Scout Tower
09:20 Guard Tower
09:25 Arcane Vault
10:37 Scout Tower
10:37 Scout Tower
10:38 Guard Tower
10:38 Guard Tower
10:40 Farm
12:28 Guard Tower
13:11 Farm
13:55 Scout Tower
15:11 Gryphon Aviary
15:16 Farm
15:17 Farm
15:39 Scout Tower
15:40 Scout Tower
15:41 Scout Tower
15:41 Scout Tower
15:42 Scout Tower
16:32 Guard Tower
16:33 Guard Tower
16:34 Scout Tower
16:35 Scout Tower
16:35 Scout Tower
16:53 Scout Tower
16:54 Scout Tower
16:55 Scout Tower
16:57 Scout Tower
16:57 Scout Tower
17:18 Barracks
17:23 Blacksmith
18:09 Guard Tower
18:09 Guard Tower
18:55 Barracks
26:51 Scout Tower
26:53 Scout Tower
26:55 Scout Tower
26:58 Scout Tower
27:01 Scout Tower
27:15 Scout Tower
27:16 Scout Tower
27:33 Arcane Tower
29:16 Arcane Tower
» items
| Circlet of Nobility | 3 | |
| Boots of Speed | 2 | |
| Staff of Teleportation | 2 | |
| Dust of Appearance | 1 | |
| Lesser Clarity Potion | 4 | |
| Scroll of Speed | 2 | |
| Orb of Lightning | 3 | |
| Healing Salve | 1 | |
| Potion of Mana | 1 | |
| Scroll of Town Portal | 1 | |
| Potion of Lesser Invulnerability | 1 | |
| Staff of Sanctuary | 2 | |
23 total
MrFrosty (
blue | 78 APM | 4507 actions | 57:37)
4 Archmage
2 Blizzard
2 Brilliance Aura
3 Blood Mage
2 Flame Strike
1 Banish
2 Mountain King
1 Storm Bolt
1 Bash
» actions
| Assign group hotkey | 20 | |
| Basic commands | 21 | |
| Build / train | 109 | |
| ESC pressed | 2 | |
| Enter build submenu | 59 | |
| Enter hero's abilities submenu | 9 | |
| Give item / drop item | 7 | |
| Right click | 2419 | |
| Select / deselect | 972 | |
| Select group hotkey | 599 | |
| Use ability | 290 | |
4507 total
» units
| Peasant | 27 | |
| Priest | 3 | |
| Sorceress | 3 | |
| Dragonhawk Rider | 2 | |
35 total
» upgrades
| Masonry | 3 | |
| Lumber Harvesting | 2 | |
| Magic Sentry | 1 | |
| Sorceress Training | 2 | |
| Priest Training | 2 | |
| Animal War Training | 1 | |
11 total
» buildings
| Altar of Kings | 1 | |
| Farm | 7 | |
| Scout Tower | 47 | |
| Lumber Mill | 1 | |
| Arcane Tower | 9 | |
| Guard Tower | 24 | |
| Keep | 1 | |
| Arcane Sanctum | 1 | |
| Castle | 1 | |
| Arcane Vault | 2 | |
| Blacksmith | 1 | |
| Barracks | 2 | |
| Gryphon Aviary | 1 | |
98 total
» build order
00:05 Altar of Kings
00:09 Farm
00:16 Scout Tower
00:23 Lumber Mill
00:52 Arcane Tower
01:12 Scout Tower
01:25 Farm
01:49 Guard Tower
01:58 Scout Tower
02:23 Scout Tower
02:25 Guard Tower
03:05 Scout Tower
03:06 Scout Tower
03:08 Scout Tower
03:10 Scout Tower
03:25 Guard Tower
03:37 Guard Tower
04:06 Guard Tower
04:23 Scout Tower
04:26 Keep
04:43 Scout Tower
04:53 Guard Tower
05:05 Scout Tower
05:10 Scout Tower
05:29 Arcane Tower
05:38 Arcane Tower
05:40 Scout Tower
05:41 Guard Tower
05:42 Farm
05:44 Farm
05:48 Scout Tower
06:13 Scout Tower
06:41 Scout Tower
06:42 Scout Tower
07:16 Guard Tower
08:11 Guard Tower
08:12 Scout Tower
08:30 Scout Tower
09:12 Scout Tower
09:34 Guard Tower
10:11 Guard Tower
10:33 Guard Tower
10:41 Arcane Sanctum
13:05 Scout Tower
13:32 Guard Tower
13:36 Scout Tower
13:50 Scout Tower
13:52 Scout Tower
13:55 Scout Tower
13:59 Scout Tower
14:23 Guard Tower
14:35 Guard Tower
14:45 Scout Tower
14:46 Arcane Tower
14:48 Scout Tower
15:13 Guard Tower
15:15 Scout Tower
15:17 Guard Tower
15:45 Guard Tower
15:51 Scout Tower
15:53 Scout Tower
15:53 Scout Tower
16:37 Farm
16:44 Arcane Tower
16:47 Guard Tower
16:49 Scout Tower
16:50 Scout Tower
17:19 Castle
17:24 Arcane Tower
18:10 Guard Tower
18:17 Scout Tower
18:18 Scout Tower
19:28 Guard Tower
20:24 Arcane Vault
20:25 Arcane Vault
24:05 Scout Tower
24:06 Scout Tower
24:08 Scout Tower
24:10 Scout Tower
24:11 Scout Tower
24:12 Scout Tower
25:20 Arcane Tower
25:22 Guard Tower
26:31 Guard Tower
26:37 Scout Tower
26:39 Scout Tower
26:45 Scout Tower
27:46 Guard Tower
28:03 Arcane Tower
28:09 Farm
28:11 Blacksmith
28:14 Barracks
28:17 Barracks
28:20 Gryphon Aviary
28:23 Farm
29:35 Scout Tower
29:48 Scout Tower
31:17 Arcane Tower
» items
| Boots of Speed | 3 | |
| Periapt of Vitality | 1 | |
| Circlet of Nobility | 1 | |
| Healing Salve | 1 | |
| Staff of Teleportation | 3 | |
| Staff of Sanctuary | 3 | |
| Orb of Lightning | 3 | |
15 total
team 2 (loser)
KILLTHEGAME (
purple | 106 APM | 6068 actions | 57:14)
2 Keeper of the Grove
1 Entangling Roots
1 Thorns Aura
» actions
| Assign group hotkey | 44 | |
| Basic commands | 37 | |
| Build / train | 83 | |
| ESC pressed | 1 | |
| Enter build submenu | 44 | |
| Enter hero's abilities submenu | 2 | |
| Right click | 2599 | |
| Select / deselect | 485 | |
| Select group hotkey | 2643 | |
| Use ability | 130 | |
6068 total
» units
| Wisp | 42 | |
| Huntress | 3 | |
| Glaive Thrower | 6 | |
| Chimaera | 9 | |
| Hippogryph | 11 | |
71 total
» upgrades
| Corrosive Breath | 1 | |
| Ultravision | 1 | |
2 total
» buildings
| Altar of Elders | 1 | |
| Moon Well | 8 | |
| Hunter's Hall | 1 | |
| Ancient of War | 2 | |
| Tree of Ages | 1 | |
| Ancient Protector | 27 | |
| Tree of Eternity | 1 | |
| Ancient of Wind | 1 | |
| Tree of Life | 1 | |
| Chimaera Roost | 2 | |
45 total
» build order
00:11 Altar of Elders
00:17 Moon Well
01:58 Hunter's Hall
02:03 Ancient of War
02:08 Moon Well
02:22 Ancient of War
02:34 Moon Well
05:34 Moon Well
07:58 Tree of Ages
09:48 Ancient Protector
09:49 Ancient Protector
10:56 Ancient Protector
10:57 Ancient Protector
11:45 Ancient Protector
11:49 Ancient Protector
13:59 Ancient Protector
14:03 Ancient Protector
15:27 Tree of Eternity
15:30 Ancient of Wind
16:21 Ancient Protector
16:21 Ancient Protector
16:26 Ancient Protector
16:33 Ancient Protector
18:31 Tree of Life
19:16 Ancient Protector
19:27 Ancient Protector
19:32 Ancient Protector
20:31 Ancient Protector
21:33 Ancient Protector
21:34 Ancient Protector
26:26 Ancient Protector
26:27 Ancient Protector
26:29 Ancient Protector
29:25 Ancient Protector
29:26 Ancient Protector
29:27 Ancient Protector
29:30 Ancient Protector
29:31 Ancient Protector
29:37 Ancient Protector
31:02 Chimaera Roost
31:02 Chimaera Roost
47:56 Moon Well
47:56 Moon Well
54:10 Moon Well
54:13 Moon Well
» items
| Dust of Appearance | 3 | |
| Potion of Lesser Invulnerability | 1 | |
| Scroll of Healing | 1 | |
5 total
memory (
green | 50 APM | 2864 actions | 57:10)
3 Priestess of the Moon
1 Searing Arrows
1 Trueshot Aura
1 Scout
» actions
| Assign group hotkey | 33 | |
| Build / train | 85 | |
| Enter build submenu | 31 | |
| Enter hero's abilities submenu | 3 | |
| Remove unit from queue | 1 | |
| Right click | 1501 | |
| Select / deselect | 838 | |
| Select group hotkey | 253 | |
| Use ability | 119 | |
2864 total
» units
| Wisp | 34 | |
| Huntress | 2 | |
| Glaive Thrower | 6 | |
| Mountain Giant | 3 | |
| Dryad | 3 | |
| Hippogryph | 3 | |
| Chimaera | 4 | |
55 total
» upgrades
| Strength of the Moon | 1 | |
| Moon Armor | 1 | |
| Reinforced Hides | 3 | |
| Strength of the Wild | 3 | |
| Abolish Magic | 1 | |
| Hardened Skin | 1 | |
| Corrosive Breath | 1 | |
| Ultravision | 1 | |
| Resistant Skin | 1 | |
13 total
» buildings
| Altar of Elders | 1 | |
| Moon Well | 7 | |
| Ancient of War | 2 | |
| Hunter's Hall | 1 | |
| Tree of Ages | 1 | |
| Ancient of Lore | 2 | |
| Ancient of Wonders | 2 | |
| Ancient Protector | 10 | |
| Tree of Eternity | 1 | |
| Ancient of Wind | 1 | |
| Chimaera Roost | 3 | |
31 total
» build order
00:08 Altar of Elders
00:10 Moon Well
01:49 Ancient of War
01:52 Hunter's Hall
02:04 Moon Well
02:22 Ancient of War
03:22 Moon Well
05:17 Moon Well
07:22 Tree of Ages
08:44 Moon Well
09:57 Ancient of Lore
10:12 Ancient of Wonders
10:19 Ancient of Wonders
10:38 Ancient Protector
11:04 Ancient of Lore
11:17 Ancient Protector
12:40 Ancient Protector
12:42 Ancient Protector
15:04 Tree of Eternity
15:20 Ancient Protector
15:36 Ancient Protector
17:02 Ancient Protector
18:40 Ancient of Wind
20:21 Ancient Protector
20:30 Ancient Protector
21:29 Ancient Protector
21:37 Chimaera Roost
21:41 Chimaera Roost
21:48 Chimaera Roost
21:53 Moon Well
23:47 Moon Well
» items
| Scroll of Town Portal | 1 | |
| Staff of Preservation | 1 | |
| Moonstone | 1 | |
| Tome of Retraining | 1 | |
4 total
ZipiT[MaSTeR] (
pink | 115 APM | 6632 actions | 57:36)
4 Death Knight
2 Death Coil
2 Unholy Aura
2 Lich
1 Frost Nova
1 Frost Armor
2 Crypt Lord
1 Impale
1 Spiked Carapace
» actions
| Assign group hotkey | 64 | |
| Basic commands | 278 | |
| Build / train | 148 | |
| ESC pressed | 8 | |
| Enter build submenu | 31 | |
| Enter hero's abilities submenu | 8 | |
| Give item / drop item | 4 | |
| Right click | 2033 | |
| Select / deselect | 975 | |
| Select group hotkey | 2867 | |
| Use ability | 216 | |
6632 total
» units
| Acolyte | 23 | |
| Ghoul | 2 | |
| Crypt Fiend | 20 | |
| Obsidian Statue | 4 | |
| Frost Wyrm | 25 | |
74 total
» upgrades
| Creature Attack | 3 | |
| Burrow | 1 | |
| Web | 1 | |
| Freezing Breath | 1 | |
| Destroyer Form | 1 | |
| Creature Carapace | 3 | |
10 total
» buildings
| Graveyard | 1 | |
| Crypt | 1 | |
| Ziggurat | 10 | |
| Altar of Darkness | 1 | |
| Tomb of Relics | 1 | |
| Nerubian Tower | 2 | |
| Halls of the Dead | 3 | |
| Black Citadel | 5 | |
| Sacrificial Pit | 1 | |
| Slaughterhouse | 1 | |
| Boneyard | 2 | |
| Spirit Tower | 8 | |
| Necropolis | 1 | |
37 total
» build order
00:09 Graveyard
00:11 Crypt
00:24 Ziggurat
00:38 Altar of Darkness
00:52 Tomb of Relics
01:51 Ziggurat
02:14 Nerubian Tower
02:14 Nerubian Tower
03:26 Halls of the Dead
03:26 Halls of the Dead
03:26 Halls of the Dead
04:07 Ziggurat
05:23 Ziggurat
06:15 Black Citadel
06:16 Black Citadel
06:16 Black Citadel
06:16 Black Citadel
06:35 Sacrificial Pit
07:16 Slaughterhouse
08:05 Ziggurat
09:14 Boneyard
09:15 Boneyard
09:52 Ziggurat
12:17 Ziggurat
12:18 Ziggurat
14:55 Spirit Tower
17:36 Ziggurat
19:18 Spirit Tower
26:24 Spirit Tower
26:24 Spirit Tower
26:25 Spirit Tower
26:25 Spirit Tower
31:33 Necropolis
32:57 Ziggurat
» items
| Rod of Necromancy | 1 | |
| Dust of Appearance | 3 | |
| Scroll of Town Portal | 8 | |
| Potion of Healing | 2 | |
| Scroll of Healing | 2 | |
| Potion of Lesser Invulnerability | 1 | |
| Scroll of Protection | 1 | |
18 total
Chat log
(00:08 / All) Gobiner: garg feed
(00:09 / All) kunt.roII: ^^
(00:10 / All) Gobiner: good strat
(03:31 / All) kunt.roII: BRB
(03:32 / All) kunt.roII: P
(25:01 / All) kunt.roII: Lolol
(35:23 / All) kunt.roII: where da garg feed @
(40:07 / All) kunt.roII: hey
(40:09 / All) kunt.roII: wait a minute
(40:16 / All) kunt.roII: purple arent solo heroes supposed to get exp bonus
(40:29 / All) memory: HEY
(40:34 / All) memory: WHERE HTRE FUCK IS ALL UR INCOME?
(40:41 / All) memory: NO INCOME?
(40:41 / All) kunt.roII: who need income
(40:42 / All) memory: wHATTTTTT
(40:43 / All) Gobiner: we don't need income to beat noobs :)
(40:46 / All) MrFrosty: not going down the drain to upkeep
(40:48 / All) MrFrosty: thats where
(40:56 / All) kunt.roII: its ok you can kill off your fiends now
(41:24 / All) ZipiT[MaSTeR]: i dont kno why u guys play like this -.-
(41:36 / All) MrFrosty: i dont know why i do any of the things i do
(41:38 / All) kunt.roII: ?
(41:39 / All) MrFrosty: im an enigma
(42:36 / Allies) kunt.roII: haha
(42:45 / Allies) kunt.roII: laggin tho
(42:47 / Allies) kunt.roII: ugh
(43:44 / All) kunt.roII: why the suicidde
(43:49 / All) ZipiT[MaSTeR]: ;)
(43:56 / All) ZipiT[MaSTeR]: dunno
(44:07 / All) ZipiT[MaSTeR]: sure
(44:12 / All) ZipiT[MaSTeR]: headjob good for u?
(44:17 / All) Gobiner: the only winning move is not to play
(44:18 / All) kunt.roII: kk paypal $20
(44:45 / Allies) kunt.roII: lich
(52:46 / Allies) kunt.roII: 5 panda
(52:47 / Allies) kunt.roII: g
(52:47 / Allies) kunt.roII: g
(55:16 / All) kunt.roII: 2ex
(55:38 / All) Gobiner: 2ex noobs
(57:13 / All) kunt.roII: bye
(57:29 / All) kunt.roII: I GOT NO INCOME